[Event "Titled Tuesday Blitz November 22 Early 2022"]
[White "Fernandez Garcia, Gumersindo"]
[Black "Narayanan, Srinath"]
[WhiteFideId "24516740"]
[BlackFideId "5018420"]
[WhiteElo "2140"]
[BlackElo "2459"]
[Result "0-1"]
[Round "05"]
[TimeControl "180+1"]
[Date "2022.11.23"]
[WhiteClock "0:00:02"]
[BlackClock "0:00:08"]

1. e4 c6 2. c4 e5 3. Nf3 d6 4. d3 Nf6 5. g3 g6 6. Bg2 Bg7 7. O-O O-O 8. Nc3 Re8 9. Bg5 h6 10. Be3 Bg4 11. h3 Bxf3 12. Qxf3 Na6 13. a3 Nc5 14. Qe2 Nfd7 15. b4 Nb3 16. Rae1 Nd4 17. Qd1 a5 18. b5 Nc5 19. Kh2 Kh7 20. f4 exf4 21. Bxf4 Nde6 22. Ne2 a4 23. Be3 Qd7 24. Nf4 Nxf4 25. Rxf4 cxb5 26. cxb5 Re7 27. Ref1 Ne6 28. R4f2 Nd4 29. b6 Rf8 30. Qb1 f5 31. Qb4 Nb3 32. exf5 Rxf5 33. Rxf5 gxf5 34. Qf4 Qe6 35. Bg1 Rf7 36. d4 d5 37. Bf2 Bf6 38. Re1 Qd7 39. Qf3 Bxd4 40. Bxd4 Nxd4 41. Qxd5 Qxd5 42. Bxd5 Rd7 43. Bg2 Nc2 44. Rc1 Rd2 45. Kh1 Nxa3 46. Bxb7 Rb2 47. Rc7+ Kg6 48. Rc6+ Kg7 49. Bc8 Nb1 50. Bxf5 a3 51. Rc7+ Kf6 52. Bh7 a2 53. Ra7 Nd2 54. b7 Nf3 55. Ra6+ Kg7 56. Bc2 Rxc2 0-1


[Site "https://www.chess.com"]

[Event "Titled Tuesday Blitz November 22 Early 2022"]
[White "Fernandez Siles, Luis"]
[Black "Grabinsky, Vladimir"]
[WhiteFideId "2209420"]
[BlackFideId "14107074"]
[WhiteElo "2186"]
[BlackElo "2198"]
[Result "1/2-1/2"]
[Round "05"]
[TimeControl "180+1"]
[Date "2022.11.23"]
[WhiteClock "0:00:06"]
[BlackClock "0:00:03"]

1. d4 Nf6 2. c4 e6 3. Nf3 d5 4. g3 dxc4 5. Bg2 Nc6 6. O-O a6 7. e3 Rb8 8. Nfd2 Na5 9. Qa4+ c6 10. Nxc4 Nxc4 11. Qxc4 Be7 12. e4 O-O 13. Bf4 b5 14. Qxc6 Bb7 15. Qc2 Rc8 16. Qd3 Qb6 17. Rd1 Rfd8 18. Be3 Qc6 19. f3 Qc2 20. Rd2 Qxd3 21. Rxd3 Rc2 22. b3 Nxe4 23. fxe4 Rxg2+ 24. Kxg2 Bxe4+ 25. Kf2 Bxd3 26. Nd2 Rc8 27. Bf4 Bf6 28. Be5 Rc2 29. Ke3 Bf5 30. Bxf6 gxf6 31. Nf3 Bg4 32. d5 Bxf3 33. Kxf3 exd5 34. a4 b4 35. Rd1 Rxh2 36. Rxd5 Rc2 37. Rd8+ Kg7 38. Rb8 a5 39. Rb5 Rc3+ 40. Kf4 Rxb3 41. Rxa5 Rc3 42. Rb5 b3 43. a5 Kg6 44. a6 Rc4+ 45. Kf3 Ra4 46. Rxb3 Rxa6 47. g4 Ra4 48. Rb5 h6 49. Rf5 Ra3+ 50. Kf4 Ra4+ 51. Kf3 Ra3+ 52. Kf4 Ra1 53. Rh5 Rf1+ 54. Kg3 f5 55. Kg2 Rf4 56. Rh1 Rxg4+ 57. Kf3 Rg5 58. Rh4 Rg4 59. Rh1 Kg5 60. Ra1 h5 61. Ra8 Re4 62. Rg8+ Kf6 63. Rh8 h4 64. Rh6+ Ke7 65. Rh8 Kf6 66. Rh6+ Ke7 67. Rh8 Ke6 68. Rh6+ Ke5 69. Rh8 Ra4 70. Re8+ Kf6 71. Rh8 Ra3+ 72. Kf4 Ra4+ 73. Kf3 Ra3+ 74. Kf4 Ra4+ 75. Kf3 1/2-1/2


[Site "https://www.chess.com"]

[Event "Titled Tuesday Blitz November 22 Early 2022"]
[White "Fiol, Fabrice"]
[Black "Zubkov, Vsevolod"]
[WhiteFideId "611670"]
[BlackFideId "24136760"]
[WhiteElo "2449"]
[BlackElo "2148"]
[Result "1-0"]
[Round "05"]
[TimeControl "180+1"]
[Date "2022.11.23"]
[WhiteClock "0:00:10"]
[BlackClock "0:00:02"]

1. e4 e6 2. Qe2 Nf6 3. e5 Nd5 4. d4 c5 5. c4 Nb6 6. Nf3 Nc6 7. d5 exd5 8. cxd5 Nxd5 9. Nc3 Nxc3 10. bxc3 Be7 11. g3 O-O 12. Bg2 d6 13. exd6 Bxd6 14. O-O Re8 15. Qc2 Qf6 16. Ng5 Bf5 17. Qb3 h6 18. Qxb7 Ne5 19. Ne4 Bxe4 20. Bxe4 Rab8 21. Qd5 Ng4 22. Ba3 Re5 23. Qc6 Rh5 24. Rad1 Be5 25. Qxf6 Nxf6 26. Bf3 Rf5 27. Kg2 Bxc3 28. g4 Re5 29. Bc1 Rbe8 30. Bf4 R5e6 31. h4 Ra6 32. g5 hxg5 33. hxg5 Ra4 34. Bd6 Ne4 35. g6 Nxd6 36. Rxd6 fxg6 37. Rd7 Rxa2 38. Bd5+ Kh8 39. Rh1# 1-0


[Site "https://www.chess.com"]

[Event "Titled Tuesday Blitz November 22 Early 2022"]
[White "Gabdrakhmanov, Azat"]
[Black "Heinemann, Josefine"]
[WhiteFideId "34189197"]
[BlackFideId "12900460"]
[WhiteElo "2254"]
[BlackElo "2300"]
[Result "1/2-1/2"]
[Round "05"]
[TimeControl "180+1"]
[Date "2022.11.23"]
[WhiteClock "0:00:09"]
[BlackClock "0:00:08"]

1. e4 c6 2. d4 d5 3. e5 Bf5 4. Nf3 e6 5. Be2 Nd7 6. O-O Ne7 7. b3 h6 8. c4 g5 9. Nc3 Bg6 10. Bb2 Nf5 11. Bd3 Bg7 12. Ne2 O-O 13. Ng3 Nxg3 14. hxg3 Bxd3 15. Qxd3 f5 16. exf6 Qxf6 17. Rae1 Rae8 18. Ne5 Nxe5 19. Rxe5 Qf7 20. Re2 Qf5 21. Qd2 dxc4 22. bxc4 Rd8 23. Qe3 Rf7 24. Rd1 Rfd7 25. Qxe6+ Qxe6 26. Rxe6 Bxd4 27. Bxd4 Rxd4 28. Rde1 Rd1 29. Kf1 R8d2 30. Rxh6 Rxe1+ 31. Kxe1 Rxa2 32. Rg6+ Kf7 33. Rxg5 a5 34. Rh5 Kg6 35. Rh8 b5 36. cxb5 cxb5 37. Rb8 b4 38. g4 Ra3 39. f4 b3 40. Rb6+ Kf7 41. Kd1 a4 42. Kc1 Ra2 43. Rb4 Rxg2 44. g5 Ra2 45. f5 Ra1+ 46. Kb2 Ra2+ 47. Kb1 Ke7 48. Rb7+ Kd6 49. g6 Rg2 50. f6 Rxg6 51. f7 Rg1+ 52. Kb2 Rf1 53. Rb4 Rf2+ 54. Kb1 Rxf7 55. Rxa4 Kc5 56. Kb2 Rf3 57. Rh4 Re3 58. Rg4 Rf3 59. Rh4 Re3 60. Rf4 Rd3 61. Rg4 Re3 62. Rf4 Rd3 63. Rg4 Re3 64. Rf4 1/2-1/2


[Site "https://www.chess.com"]

[Event "Titled Tuesday Blitz November 22 Early 2022"]
[White "Gabrielian, Artur"]
[Black "Kim, Sergey"]
[WhiteFideId "4131002"]
[BlackFideId "13700570"]
[WhiteElo "2432"]
[BlackElo "2617"]
[Result "1-0"]
[Round "05"]
[TimeControl "180+1"]
[Date "2022.11.23"]
[WhiteClock "0:00:28"]
[BlackClock "0:00:09"]

1. e4 e5 2. Nc3 Nf6 3. g3 g6 4. Bg2 Bg7 5. Nge2 O-O 6. d3 c6 7. f4 d6 8. O-O a5 9. Kh1 a4 10. a3 b5 11. h3 Nbd7 12. Be3 Bb7 13. Qd2 Qa5 14. fxe5 dxe5 15. g4 Rfe8 16. Ng3 Nf8 17. Bh6 Ne6 18. Bxg7 Kxg7 19. Rf2 Nf4 20. Raf1 Re6 21. Rxf4 exf4 22. Qxf4 Rf8 23. Nce2 Qd8 24. Qg5 Kh8 25. Nf4 Ng8 26. Nxe6 fxe6 27. Qxd8 Rxd8 28. Rf7 Ba8 29. g5 Re8 30. e5 Ne7 31. Ne4 Kg8 32. Nd6 Nd5 33. h4 Rf8 34. Ra7 c5 35. c4 bxc4 36. dxc4 Nb6 37. Bxa8 Nxa8 38. Rb7 1-0


[Site "https://www.chess.com"]

[Event "Titled Tuesday Blitz November 22 Early 2022"]
[White "Garcia Ramos, Daniel"]
[Black "Gjestemoen-VonHirsch, Andre"]
[WhiteFideId "32010311"]
[BlackFideId "1539531"]
[WhiteElo "2357"]
[BlackElo "2198"]
[Result "0-1"]
[Round "05"]
[TimeControl "180+1"]
[Date "2022.11.23"]
[WhiteClock "0:00:01"]
[BlackClock "0:00:02"]

1. e4 g6 2. d4 Bg7 3. Nf3 c5 4. dxc5 Nf6 5. Nc3 Qa5 6. Bd3 Na6 7. O-O Nxc5 8. Re1 d6 9. Bd2 O-O 10. b4 Qxb4 11. Nd5 Nxd5 12. Bxb4 Nxb4 13. e5 Bg4 14. a3 Nbxd3 15. cxd3 dxe5 16. Rc1 b6 17. h3 Bxf3 18. Qxf3 Rad8 19. Red1 Rxd3 20. Rxd3 e4 21. Rxc5 exf3 22. Rc7 fxg2 23. Kxg2 Bf6 24. Rxa7 Rc8 25. Rb7 Rc6 26. a4 Kg7 27. Kf3 Re6 28. Rb3 Bd4 29. Rb4 Bc5 30. Rb5 Rf6+ 31. Ke4 Rxf2 32. a5 Re2+ 33. Kd5 Rd2+ 34. Kc6 Bg1 35. axb6 Rd6+ 36. Kc7 Bh2 37. Kc8 Rc6+ 38. Kd7 Kf6 39. Ra7 Rd6+ 40. Ke8 Bg1 41. Rc7 Bxb6 42. Rxe7 Rd8# 0-1


[Site "https://www.chess.com"]

[Event "Titled Tuesday Blitz November 22 Early 2022"]
[White "Gardezi, Arsal"]
[Black "Begunov, Konstantin"]
[WhiteFideId "30949521"]
[BlackFideId "4118510"]
[WhiteElo "1906"]
[BlackElo "2140"]
[Result "0-1"]
[Round "05"]
[TimeControl "180+1"]
[Date "2022.11.23"]
[WhiteClock "0:01:03"]
[BlackClock "0:00:38"]

1. d4 d5 2. c4 c6 3. Nc3 Nf6 4. cxd5 cxd5 5. Nf3 Nc6 6. Bf4 a6 7. e3 Bg4 8. Be2 e6 9. O-O Bd6 10. Ne5 Bxe2 11. Qxe2 Bxe5 12. dxe5 Nd7 13. Qg4 g6 14. Qg3 h6 15. h4 Qc7 16. Rad1 O-O-O 17. a3 Rdg8 18. e4 g5 19. hxg5 hxg5 20. Bxg5 d4 21. Ne2 Ndxe5 22. Qf4 d3 23. Nc1 Rh5 24. Bf6 Rg4 25. Qe3 Nf3+ 26. Qxf3 Qh2# 0-1


[Site "https://www.chess.com"]

[Event "Titled Tuesday Blitz November 22 Early 2022"]
[White "Garmash, Aliona"]
[Black "Arbunic Castro, Giovanna"]
[WhiteFideId "34127620"]
[BlackFideId "3400549"]
[WhiteElo "1958"]
[BlackElo "1949"]
[Result "1-0"]
[Round "05"]
[TimeControl "180+1"]
[Date "2022.11.23"]
[WhiteClock "0:00:05"]
[BlackClock "0:00:12"]

1. d4 Nf6 2. c4 g6 3. Nc3 Bg7 4. e4 d6 5. Nf3 O-O 6. Be2 Nbd7 7. O-O e5 8. Be3 Re8 9. d5 Nc5 10. Nd2 a5 11. b3 Nfd7 12. a3 f5 13. f3 f4 14. Bf2 Nf6 15. b4 axb4 16. axb4 Rxa1 17. Qxa1 Na6 18. Qa3 g5 19. c5 g4 20. Rc1 Bh6 21. Rc2 g3 22. hxg3 fxg3 23. Bxg3 Nh5 24. Bf2 Qg5 25. Nf1 Bh3 26. Ne3 Qg6 27. g4 Nf4 28. Bf1 Rf8 29. Nb5 Bxf1 30. Kxf1 Nh3 31. Nf5 Rxf5 32. exf5 Qg5 33. cxd6 c6 34. dxc6 bxc6 35. Nc7 Nxf2 36. Rxf2 e4 37. Nxa6 e3 38. Re2 Qf4 39. Rxe3 Qxe3 40. Qxe3 Bxe3 41. d7 Bb6 42. Nc5 Kf7 43. Ne6 Ke7 44. d8=Q+ Bxd8 45. Nxd8 Kxd8 46. g5 Ke7 47. f6+ Kf7 48. f4 Kg6 49. Kf2 h6 50. Kg3 h5 51. Kh4 Kf5 52. f7 Kxf4 53. f8=Q+ Ke4 54. Kxh5 Kd4 55. Qd6+ Kc4 56. Qc5+ Kb3 57. Qxc6 1-0


[Site "https://www.chess.com"]

[Event "Titled Tuesday Blitz November 22 Early 2022"]
[White "Gheorghiu, Calin"]
[Black "Gonzalez Vega, Alejandro"]
[WhiteFideId "1200305"]
[BlackFideId "3510042"]
[WhiteElo "2225"]
[BlackElo "2282"]
[Result "1-0"]
[Round "05"]
[TimeControl "180+1"]
[Date "2022.11.23"]
[WhiteClock "0:00:08"]
[BlackClock "0:00:02"]

1. e4 c5 2. Nf3 a6 3. c4 d6 4. d4 cxd4 5. Nxd4 Nf6 6. Nc3 e6 7. Be2 Qc7 8. Be3 Nbd7 9. O-O b6 10. f3 Bb7 11. Qd2 Rc8 12. Rfc1 Qb8 13. b4 Be7 14. a4 O-O 15. Nb3 Rfd8 16. a5 d5 17. Nxd5 exd5 18. exd5 Bd6 19. axb6 Bxh2+ 20. Kf1 Be5 21. Ra2 Qd6 22. Nc5 Qb8 23. Nxa6 Bxa6 24. Rxa6 Bg3 25. c5 Nxc5 26. Rxc5 Nxd5 27. Rxd5 Rxd5 28. Qxd5 Rd8 29. Qe4 Qd6 30. Ra1 g6 31. b7 Qb8 32. Rd1 Rxd1+ 33. Bxd1 Bd6 34. Bb3 Bc7 35. Qd5 Qf8 36. Ba7 Qxb4 37. Qxf7+ Kh8 38. Qg8# 1-0


[Site "https://www.chess.com"]

[Event "Titled Tuesday Blitz November 22 Early 2022"]
[White "Ghosh, Chanchal Kumer"]
[Black "Horak, Martin"]
[WhiteFideId "10201858"]
[BlackFideId "367095"]
[WhiteElo "2058"]
[BlackElo "2091"]
[Result "0-1"]
[Round "05"]
[TimeControl "180+1"]
[Date "2022.11.23"]
[WhiteClock "0:00:08"]
[BlackClock "0:00:11"]

1. e4 c5 2. Nf3 a6 3. d4 cxd4 4. Nxd4 Nf6 5. Nc3 e5 6. Nb3 Bb4 7. Bg5 h6 8. Bxf6 Bxc3+ 9. bxc3 Qxf6 10. Be2 O-O 11. O-O d6 12. Kh1 Rd8 13. a4 Be6 14. c4 Nc6 15. Qd2 Rac8 16. Rad1 Qg6 17. f3 Qg5 18. f4 exf4 19. Rxf4 Ne5 20. h4 Qg3 21. Nd4 Bxc4 22. Nf5 Qa3 23. Bxc4 Rxc4 24. Qe2 Qxa4 25. Qh5 Rxe4 26. Nxh6+ gxh6 27. Rxe4 Qxe4 28. Qxh6 Ng4 29. Qg5+ Kh7 30. Qxd8 Nf2+ 31. Kg1 Nxd1 32. Qxd6 Ne3 33. Qg3 a5 34. Qf2 Qxg2+ 35. Qxg2 Nxg2 36. Kxg2 a4 0-1


[Site "https://www.chess.com"]

[Event "Titled Tuesday Blitz November 22 Early 2022"]
[White "Gines Esteo, Pedro Antonio"]
[Black "Danielian, Vardan"]
[WhiteFideId "32080190"]
[BlackFideId "13301594"]
[WhiteElo "2422"]
[BlackElo "2564"]
[Result "1-0"]
[Round "05"]
[TimeControl "180+1"]
[Date "2022.11.23"]
[WhiteClock "0:00:06"]
[BlackClock "0:00:10"]

1. Nf3 Nf6 2. b3 d6 3. d4 g6 4. Bb2 Bg7 5. g3 O-O 6. Bg2 Nc6 7. O-O e5 8. dxe5 Ng4 9. c4 Re8 10. Nc3 Ncxe5 11. Nxe5 Nxe5 12. Qd2 Nc6 13. Rad1 Be6 14. h3 Qd7 15. Kh2 Rad8 16. e4 Nd4 17. f4 c5 18. Ne2 Nxe2 19. Qxe2 Bxb2 20. Qxb2 Qe7 21. Rd2 Bd7 22. Re2 Bc6 23. Rfe1 Qc7 24. h4 h6 25. h5 Qe7 26. hxg6 fxg6 27. Qc3 Qg7 28. e5 dxe5 29. Bxc6 bxc6 30. Rxe5 Rxe5 31. Rxe5 Kh7 32. Qe3 Rd7 33. Kh3 h5 34. Rxc5 Qf6 35. Re5 Rg7 36. Qe4 Kh6 37. b4 a6 38. a4 Rd7 39. Re6 Qf7 40. f5 Kg7 41. Rxg6+ Kf8 42. Qe5 Qh7 43. Qf6+ Ke8 44. Qe6+ Re7 45. Rg8+ Qxg8 46. Qxg8+ Kd7 47. Qg5 1-0


[Site "https://www.chess.com"]

[Event "Titled Tuesday Blitz November 22 Early 2022"]
[White "Golichenko, Ilija"]
[Black "Cardoso Cardoso, Jose Gabriel"]
[WhiteFideId "14117223"]
[BlackFideId "4430492"]
[WhiteElo "2350"]
[BlackElo "2484"]
[Result "1-0"]
[Round "05"]
[TimeControl "180+1"]
[Date "2022.11.23"]
[WhiteClock "0:01:05"]
[BlackClock "0:00:01"]

1. d4 Nf6 2. Nc3 e6 3. a3 d5 4. Bf4 c5 5. e3 cxd4 6. exd4 a6 7. Nf3 Bd6 8. Qd2 Bxf4 9. Qxf4 Nc6 10. Bd3 O-O 11. g4 Re8 12. O-O-O b5 13. h4 b4 14. axb4 Nxb4 15. h5 Nxd3+ 16. Rxd3 Ne4 17. h6 Nxf2 18. Ne5 Qf6 19. Qe3 Nxh1 20. g5 Qf2 21. Qh3 Ng3 22. Rxg3 Qxd4 23. Ng4 e5 24. hxg7 Qf4+ 25. Kb1 Bxg4 26. Rxg4 Qd2 27. Rh4 Qe1+ 28. Ka2 Kxg7 29. Rxh7+ Kf8 30. Qh6+ Ke7 31. Nxd5+ Kd7 32. Rxf7+ Kc8 33. Qc6+ 1-0


[Site "https://www.chess.com"]

[Event "Titled Tuesday Blitz November 22 Early 2022"]
[White "Goltsev, Dmitry"]
[Black "Caruana, Fabiano"]
[WhiteFideId "24176710"]
[BlackFideId "2020009"]
[WhiteElo "2289"]
[BlackElo "2847"]
[Result "1/2-1/2"]
[Round "05"]
[TimeControl "180+1"]
[Date "2022.11.22"]
[WhiteClock "0:00:02"]
[BlackClock "0:00:06"]

1. e4 e5 2. Nf3 Nc6 3. Bb5 a6 4. Ba4 Nf6 5. O-O Bc5 6. Nxe5 Nxe5 7. d4 b5 8. Bb3 Bxd4 9. Qxd4 d6 10. c3 O-O 11. Bg5 h6 12. Bxf6 Qxf6 13. f4 Nd7 14. Qxf6 Nxf6 15. Nd2 Bb7 16. Rae1 Rad8 17. h3 Rfe8 18. Bc2 c5 19. Rf2 Re7 20. e5 dxe5 21. Rxe5 Rxe5 22. fxe5 Nd7 23. Be4 Bc8 24. Nf3 Nb6 25. Rd2 Rxd2 26. Nxd2 Be6 27. b3 a5 28. Bc6 b4 29. c4 Bf5 30. Be4 Bxe4 31. Nxe4 Nd7 32. Kf2 Kf8 33. Ke3 Ke7 34. h4 g5 35. hxg5 hxg5 36. Nxg5 Nxe5 37. Ke4 Kd6 38. Nf3 Ng4 39. Ng5 f6 40. Nh3 Ne5 41. Nf4 a4 42. Nd5 a3 43. Nxf6 Nxc4 44. Kd3 Ne5+ 45. Kc2 Nc6 46. Ne4+ Kd5 47. Nf6+ Ke5 48. Nd7+ Kd6 49. Nf6 Nd4+ 50. Kb1 Ne2 51. g4 Nc3+ 52. Ka1 Ke6 53. Ne8 Ke7 54. Ng7 Kf6 55. Ne8+ Kg5 56. Nd6 Kxg4 57. Nb7 Ne4 58. Kb1 Kf3 59. Kc2 Ke3 60. Kb1 Kd4 61. Ka1 Nf6 62. Nd6 Nd5 63. Nb5+ Kd3 64. Nd6 Kd2 65. Ne4+ Kc2 66. Nxc5 Nc7 67. Ne6 Nb5 68. Nd4+ Nxd4 1/2-1/2


[Site "https://www.chess.com"]

[Event "Titled Tuesday Blitz November 22 Early 2022"]
[White "Goriatchkin, Jouri"]
[Black "Buscar, Michael"]
[WhiteFideId "4120183"]
[BlackFideId "2603616"]
[WhiteElo "1889"]
[BlackElo "2010"]
[Result "1-0"]
[Round "05"]
[TimeControl "180+1"]
[Date "2022.11.23"]
[WhiteClock "0:00:02"]
[BlackClock "0:00:08"]

1. d4 Nf6 2. Bg5 e6 3. e4 Be7 4. Bxf6 Bxf6 5. Nf3 d6 6. Bd3 e5 7. d5 Bg4 8. Nbd2 Nd7 9. h3 Bh5 10. c4 a5 11. a3 a4 12. Bc2 Nc5 13. b4 axb3 14. Nxb3 Nxb3 15. Bxb3 Bxf3 16. Qxf3 O-O 17. O-O b6 18. Qc3 Bg5 19. a4 Ra5 20. Bc2 g6 21. Rfb1 f5 22. Rb5 fxe4 23. Rxa5 bxa5 24. Bxe4 Qa8 25. Rb1 Qa7 26. Rb2 Bh4 27. g3 Bg5 28. h4 Bh6 29. Kg2 Qc5 30. Qd3 Bc1 31. Rc2 Ba3 32. h5 Kg7 33. hxg6 h6 34. f3 Rb8 35. g4 Rb1 36. Kg3 Qg1+ 37. Rg2 Qe1+ 38. Kh3 Bc5 39. g5 h5 40. Qe2 Qh1+ 41. Rh2 Qc1 42. Rg2 Qf4 43. Bxb1 h4 44. Be4 Be3 45. Qc2 Bf2 46. Qxf2 Kg8 47. Qxh4 Qc1 48. Qh7+ Kf8 49. Qf7# 1-0


[Site "https://www.chess.com"]

[Event "Titled Tuesday Blitz November 22 Early 2022"]
[White "Goroshkov, Maksym"]
[Black "Przybylski, Wojciech"]
[WhiteFideId "14142716"]
[BlackFideId "1117599"]
[WhiteElo "2257"]
[BlackElo "2221"]
[Result "1-0"]
[Round "05"]
[TimeControl "180+1"]
[Date "2022.11.23"]
[WhiteClock "0:00:24"]
[BlackClock "0:00:05"]

1. e4 e5 2. d4 exd4 3. c3 d3 4. Bxd3 Nc6 5. Nf3 Bc5 6. b4 Bb6 7. a4 a6 8. Nbd2 d6 9. Nc4 Ba7 10. b5 Nce7 11. Ba3 axb5 12. axb5 Bb8 13. O-O Bg4 14. Ne3 Bh5 15. g4 Bg6 16. Nf5 Bxf5 17. exf5 Nf6 18. g5 Nd7 19. c4 O-O 20. Bb2 Ba7 21. Qe2 Nc5 22. Bxg7 Re8 23. f6 Ng6 24. Qc2 Nxd3 25. Qxd3 Qd7 26. Rxa7 Qg4+ 27. Kh1 Nf4 28. Rg1 Nxd3 29. Rxg4 Rxa7 30. Rd4 Nxf2+ 31. Kg2 Ne4 32. Nh4 Ra2+ 33. Kf3 Nxg5+ 34. Kg3 Ne6 35. Nf5 Nxg7 36. Rg4 Ra3+ 37. Kh4 Re5 38. Nh6+ Kf8 39. fxg7+ Ke7 40. g8=Q Rf3 41. Qc8 Kf6 42. Ng8# 1-0


[Site "https://www.chess.com"]

[Event "Titled Tuesday Blitz November 22 Early 2022"]
[White "Hambleton, Aman"]
[Black "Firouzja, Alireza"]
[WhiteFideId "2606577"]
[BlackFideId "12573981"]
[WhiteElo "2538"]
[BlackElo "2903"]
[Result "0-1"]
[Round "05"]
[TimeControl "180+1"]
[Date "2022.11.22"]
[WhiteClock "0:00:01"]
[BlackClock "0:00:56"]

1. d4 Nf6 2. Bf4 g6 3. e3 Bg7 4. h3 O-O 5. Nf3 d6 6. c3 Nc6 7. Bh2 Nd7 8. Be2 e5 9. a4 a5 10. Na3 f5 11. Nb5 e4 12. Nd2 Nf6 13. O-O Kh8 14. Qb3 Ne7 15. Rae1 g5 16. f3 exf3 17. Nxf3 h6 18. Nd2 Ne8 19. e4 f4 20. Bd3 c6 21. Na3 Nf6 22. Nac4 Be6 23. Qxb7 Bg8 24. e5 Rb8 25. Qa7 Ra8 26. Qb6 dxe5 27. Qxd8 Rfxd8 28. Nxe5 Rab8 29. Ndc4 c5 30. g3 fxg3 31. Bxg3 cxd4 32. cxd4 Rxd4 33. Ng6+ Nxg6 34. Bxb8 Rxd3 35. Ne5 Nxe5 36. Bxe5 Nh5 37. Bxg7+ Kxg7 38. Re7+ Kg6 39. Ra7 Nf4 40. Ra6+ Kh5 41. Rxa5 Bd5 42. Re1 Rd2 43. b4 Rg2+ 44. Kf1 Bc4+ 45. Re2 Rxe2 0-1


[Site "https://www.chess.com"]

[Event "Titled Tuesday Blitz November 22 Early 2022"]
[White "Han, Yichen"]
[Black "Tsaruk, Maksim"]
[WhiteFideId "1054430"]
[BlackFideId "13511173"]
[WhiteElo "2323"]
[BlackElo "2300"]
[Result "0-1"]
[Round "05"]
[TimeControl "180+1"]
[Date "2022.11.23"]
[WhiteClock "0:00:40"]
[BlackClock "0:01:28"]

1. e4 e5 2. Nf3 Nc6 3. Bb5 a6 4. Ba4 Nf6 5. O-O Be7 6. d3 b5 7. Bb3 O-O 8. Nc3 Bb7 9. a4 b4 10. Nd5 Na5 11. Nxe7+ Qxe7 12. Ba2 h6 13. Bd2 c5 14. c3 Nc6 15. Re1 Rfd8 16. Nh4 d5 17. Nf5 Qd7 18. exd5 Qxf5 19. dxc6 Bxc6 20. Qe2 Qxd3 21. Qxd3 Rxd3 22. Be3 bxc3 23. bxc3 Rxc3 24. Rac1 Rxc1 25. Rxc1 Bxa4 26. Rxc5 Rd8 27. h3 e4 28. Bc4 Bb5 29. Bxb5 axb5 30. Rxb5 Rd5 31. Rb4 Kh7 32. Bd4 Nd7 33. Be3 f5 34. Bf4 g5 35. Bc7 Kg6 36. g4 h5 37. gxf5+ Kxf5 38. Kg2 Nc5 39. Rb8 Ne6 40. Bh2 Rd2 41. Rb5+ Kg6 42. Rb6 Kf6 43. Bg3 h4 44. Bh2 e3 45. Bg1 e2 0-1


[Site "https://www.chess.com"]

[Event "Titled Tuesday Blitz November 22 Early 2022"]
[White "Harsh Suresh"]
[Black "Yurasova, Daria"]
[WhiteFideId "45018464"]
[BlackFideId "34146919"]
[WhiteElo "2227"]
[BlackElo "2097"]
[Result "0-1"]
[Round "05"]
[TimeControl "180+1"]
[Date "2022.11.23"]
[WhiteClock "0:00:03"]
[BlackClock "0:00:17"]

1. b3 b6 2. Bb2 Bb7 3. e3 e6 4. Nf3 Nf6 5. Be2 Be7 6. O-O O-O 7. c4 c5 8. d4 cxd4 9. Nxd4 d6 10. Bf3 Qc8 11. Nc3 Nbd7 12. Bxb7 Qxb7 13. Ndb5 Qb8 14. Ba3 Nc5 15. Qf3 Nfd7 16. Rad1 a6 17. Nd4 Ne5 18. Qg3 Qc7 19. Nf3 Nxf3+ 20. Qxf3 Rac8 21. Rd2 Rfd8 22. Rfd1 h6 23. g3 Rb8 24. Ne4 Qb7 25. Bxc5 bxc5 26. Kg2 Qc7 27. Rd3 a5 28. R1d2 a4 29. Qd1 axb3 30. axb3 Rb6 31. f3 Qb8 32. Nxc5 Bf8 33. Ne4 Rc8 34. g4 Qb7 35. h4 d5 36. cxd5 exd5 37. Rxd5 Rxb3 38. Rd7 Qb6 39. R7d3 Rb1 40. Qe2 Ra1 41. Rd1 Rca8 42. Rxa1 Rxa1 43. Rd1 Ra3 44. Rd3 Ra1 45. Nf2 Rb1 46. Rd2 Rb3 47. Rd3 Rb2 48. h5 Rxe2 0-1


[Site "https://www.chess.com"]

[Event "Titled Tuesday Blitz November 22 Early 2022"]
[White "Harsha Bharathakoti"]
[Black "Ibadov, Dashgyn"]
[WhiteFideId "5078776"]
[BlackFideId "24107514"]
[WhiteElo "2523"]
[BlackElo "2208"]
[Result "1-0"]
[Round "05"]
[TimeControl "180+1"]
[Date "2022.11.23"]
[WhiteClock "0:01:08"]
[BlackClock "0:00:26"]

1. e4 e6 2. d4 d5 3. Nc3 Nf6 4. e5 Nfd7 5. Nce2 c5 6. c3 Nc6 7. Nf3 Qa5 8. a3 cxd4 9. b4 Qb6 10. cxd4 a5 11. b5 Qxb5 12. Nc3 Qb6 13. Rb1 Qd8 14. Bd3 Be7 15. h4 f5 16. Nb5 O-O 17. g4 Nb6 18. gxf5 exf5 19. Bf4 Be6 20. Ng5 Bxg5 21. hxg5 g6 22. Nd6 Nxd4 23. Be3 Nc6 24. Rxb6 d4 25. Rxc6 bxc6 26. Bxd4 Qxg5 27. Qd2 Qg2 28. Qh6 Ra7 29. Bxa7 1-0


[Site "https://www.chess.com"]

[Event "Titled Tuesday Blitz November 22 Early 2022"]
[White "Hartikainen, Jarmo"]
[Black "Mihailidis, Anastasios"]
[WhiteFideId "503134"]
[BlackFideId "4205588"]
[WhiteElo "2195"]
[BlackElo "2312"]
[Result "0-1"]
[Round "05"]
[TimeControl "180+1"]
[Date "2022.11.23"]
[WhiteClock "0:00:15"]
[BlackClock "0:00:28"]

1. e4 c5 2. c3 d5 3. exd5 Qxd5 4. d4 Nf6 5. Nf3 Bg4 6. Be2 e6 7. O-O Be7 8. Be3 cxd4 9. Qxd4 Qxd4 10. Nxd4 Bxe2 11. Nxe2 Nc6 12. Nd2 O-O 13. c4 Nb4 14. Nd4 Bc5 15. Rfc1 Bxd4 16. Bxd4 Rfd8 17. Nf3 Rd7 18. a3 Nc6 19. Be3 Rad8 20. h3 a6 21. Kf1 Na5 22. Rc2 Nc6 23. Rac1 e5 24. Bb6 Rd1+ 25. Rxd1 Rxd1+ 26. Ke2 Rd6 27. Bc5 Rd7 28. b4 e4 29. Ne1 Ne5 30. f4 exf3+ 31. Nxf3 Nd3 32. Bd4 Nf4+ 33. Kf2 Ne8 34. Rd2 f6 35. Be3 Rxd2+ 36. Bxd2 Ne6 37. Be3 Nd6 38. c5 Nc4 39. Ke2 Nxa3 40. Nd4 Nxd4+ 41. Bxd4 Nb5 42. Kd3 Kf7 43. Kc4 Nxd4 44. Kxd4 Ke6 45. Kc4 h6 46. b5 axb5+ 47. Kxb5 Kd7 48. Kb6 Kc8 49. c6 bxc6 50. Kxc6 Kd8 51. Kd6 Ke8 52. Ke6 Kf8 53. h4 h5 54. Kf5 Kf7 55. g4 g6+ 56. Kf4 hxg4 57. Kxg4 Kg7 58. Kf4 Kh6 59. Kg4 f5+ 60. Kg3 Kh5 61. Kh3 f4 0-1


[Site "https://www.chess.com"]

[Event "Titled Tuesday Blitz November 22 Early 2022"]
[White "Hoffmann, Asa"]
[Black "Martic, Ivan"]
[WhiteFideId "2001470"]
[BlackFideId "929301"]
[WhiteElo "2117"]
[BlackElo "2355"]
[Result "1/2-1/2"]
[Round "05"]
[TimeControl "180+1"]
[Date "2022.11.23"]
[WhiteClock "0:00:52"]
[BlackClock "0:00:31"]

1. d4 d5 2. Bg5 f6 3. Bf4 Nc6 4. Nf3 Bg4 5. Nbd2 e6 6. c3 Bd6 7. Bg3 Nge7 8. e4 O-O 9. Be2 a6 10. Qb3 Qd7 11. O-O Bxg3 12. hxg3 Bh5 13. Rfe1 Bg6 14. Bd3 Na5 15. Qc2 Nac6 16. Nh4 dxe4 17. Nxg6 exd3 18. Nxe7+ Nxe7 19. Qxd3 e5 20. Qc4+ Rf7 21. Nf3 exd4 22. Nxd4 Qd5 23. Qxc7 Nc6 24. Qf4 Ne5 25. Rad1 Qxa2 26. Re2 Qc4 27. Red2 g6 28. Nf3 Qxf4 29. gxf4 Nxf3+ 30. gxf3 Re8 31. Rd6 f5 32. Kg2 Kg7 33. Kg3 Ree7 34. Rb6 Rd7 35. Rdd6 Rxd6 36. Rxd6 Rc7 37. Rb6 Kf7 38. Kh4 h6 39. Kg3 Kg7 40. Kh4 Rd7 41. Kg3 Kh7 42. Kg2 Kg7 43. Kg3 Kf7 44. Kg2 Kg7 45. Kg3 1/2-1/2


[Site "https://www.chess.com"]

[Event "Titled Tuesday Blitz November 22 Early 2022"]
[White "Hristodoulou, Panagiotis"]
[Black "Khamdamova, Afruza"]
[WhiteFideId "4214340"]
[BlackFideId "14210444"]
[WhiteElo "2272"]
[BlackElo "2018"]
[Result "1-0"]
[Round "05"]
[TimeControl "180+1"]
[Date "2022.11.23"]
[WhiteClock "0:00:02"]
[BlackClock "0:00:10"]

1. e4 e5 2. Nf3 Nf6 3. Nxe5 d6 4. Nf3 Nxe4 5. Nc3 Nxc3 6. dxc3 Be7 7. Be3 Nc6 8. Qd2 Be6 9. O-O-O Qd7 10. Bb5 a6 11. Bxc6 Qxc6 12. Bd4 Rg8 13. Rhe1 h6 14. b3 O-O-O 15. c4 g5 16. Bc3 Rge8 17. Nd4 Qd7 18. Nxe6 fxe6 19. Qe3 g4 20. Qxh6 Bf8 21. Qh5 Bg7 22. Bxg7 Qxg7 23. Kb1 Rh8 24. Qa5 e5 25. c5 Rxh2 26. cxd6 Rxd6 27. Rd5 Rxg2 28. Rdxe5 Rd8 29. Re8 Qd7 30. Rxd8+ Qxd8 31. Qh5 Qf6 32. Qd5 1-0


[Site "https://www.chess.com"]